 Dungeon Sprint DCSS version 0.26-a0-663-g36e8fdb655 (webtiles) character file.

Game seed: 11180078219473992357

98 olmar the Spear-Bearer (level 4, -6/41 HPs)
             Began as a Merfolk Monk on Oct 10, 2020.
             Mangled by Menkaure (18 damage)
             ... in the Dungeon (Sprint II: "The Violet Keep of Menkaure").
             The game lasted 00:00:24 (38 turns).

olmar the Spear-Bearer (Merfolk Monk)                 Turns: 38, Time: 00:00:25

Health: -6/41      AC:  2    Str: 12    XL:     4   Next: 71%
Magic:  4/4        EV: 22    Int:  9    God:
Gold:   243        SH:  0    Dex: 16    Spells: 3/3 levels left

rFire    . . .     SeeInvis .   a - +0 spear
rCold    . . .     Faith    .   (no shield)
rNeg     . . .     Spirit   .   b - +0 robe
rPois    .         Reflect  .   (no helmet)
rElec    .         Harm     .   (no cloak)
rCorr    .         Rampage  .   (no gloves)
MR       .....     NoTele   +   (boots currently unavailable)
Stlth    +++.......             (no amulet)
HPRegen  0.13/turn              (no ring)
MPRegen  0.09/turn              (no ring)

@: berserk cooldown, slowed, quick
A: change form in water, swift swim, stealthy swim
a: no special abilities


You were in the Dungeon.
You visited 1 branch You collected 243 gold pieces.

Inventory:

Hand Weapons
 a - a +0 spear (weapon)
Armour
 b - a +0 robe (worn)
Scrolls
 h - a scroll of blinking
Potions
 e - a potion of haste
 f - 2 potions of magic


   Skills:
 + Level 6.4 Fighting
 + Level 8.8 Polearms
 + Level 7.6 Dodging
 - Level 2.1 Stealth


You had 3 spell levels left.
You didn't know any spells.
Your spell library was empty.

Dungeon Overview and Level Annotations

Branches:
Dungeon (1/1)

Altars:

Annotations:
D Menkaure


Message History

Your body is wracked with pain!
You reach to attack!
You hit Menkaure.
Menkaure is heavily damaged.
You hit Menkaure but do no damage.
Menkaure is heavily damaged.
Menkaure splashes around in the water.
You hit Menkaure.
Menkaure is heavily damaged.
Menkaure calls on the powers of darkness!
Your body is wracked with pain!
* * * LOW HITPOINT WARNING * * *
You hit Menkaure.
Menkaure is severely damaged.
The lava snake hisses angrily.
Menkaure closely misses you. x2
Unknown command.
You hit Menkaure.
Menkaure is almost destroyed.
Menkaure hits you!!
You die...

#+# ##.## #
+.<.+ .## ##.##
.... ##†## #...§
##.#.####≈≈.§§
#..#..#≈≈≈≈≈≈≈
###.###M§≈§≈≈≈
#≈≈##'##@≈§§≈≈≈§
#≈≈≈≈≈≈≈≈§§§≈≈≈
#+++#+++#≈≈§≈§≈
☼S§° #≈§§##
○°°≈S○ #≈§#
+≈○°°○○°≈ §≈#
##○≈§○°≈≈ ≈≈≈
##S§≈≈°○° ## #
##+


You could see Menkaure (fast) and a lava snake.

Vanquished Creatures
  4 worker ants (D)
4 creatures vanquished.

Vanquished Creatures (others)
  A water moccasin (D)
1 creature vanquished.

Grand Total: 5 creatures vanquished

Notes
Turn   | Place    | Note
-------+----------+-------------------------------------------
     0 | D        | olmar the Merfolk Monk began the quest for the Orb.
     0 | D        | Reached XP level 1. HP: 18/18 MP: 1/1
     1 | D        | Noticed a worker ant
     1 | D        | Noticed a worker ant
     1 | D        | Noticed a worker ant
     1 | D        | Noticed a worker ant
     9 | D        | Killed a worker ant
     9 | D        | Reached skill level 6 in Polearms
     9 | D        | Reached skill level 5 in Dodging
     9 | D        | Reached XP level 2. HP: 26/26 MP: 2/2
     9 | D        | Reached XP level 3. HP: 32/32 MP: 3/3
    14 | D        | Reached skill level 5 in Fighting
    14 | D        | Reached skill level 7 in Polearms
    17 | D        | Reached skill level 8 in Polearms
    17 | D        | Reached XP level 4. HP: 40/40 MP: 4/4
    21 | D        | Killed a water moccasin
    26 | D        | Noticed Menkaure
    27 | D        | HP: 2/41 [Menkaure/nerve-wracking pain (13)]
    38 | D        | Mangled by Menkaure

Illustrated notes

Levels and vault maps discovered:
D:        the_violet_keep_of_menkaure [sprint2_stairs_cluster_1,
          sprint2_shoproom, sprint2_temple, sprint2_basic_supplies,
          sprint2_obstacle_5, sprint2_obstacle_1, sprint2_obstacle_4,
          sprint2_obstacle_7, sprint2_obstacle_2, sprint2_timed_cluster_1,
          sprint2_smallroom_cluster_1, sprint2_smallroom_final_cluster_1,
          sprint2_transparent_cluster_1, sprint2_second_timed_cluster_1,
          sprint2_sniper_area_1, sprint2_heavy_combat_area_1,
          sprint2_mutation_trap_area_1, sprint2_forest_area_1,
          sprint2_light_combat_area_1, sprint2_behind_water_1,
          sprint2_near_end_vault_1]

Skill      XL: |  1  2  3 |
---------------+----------+-----
Fighting       | 4 6 |  6.4
Polearms       | 6 8 |  8.8
Dodging        | 5 7 |  7.6
Stealth        | |  2.1

Action                   |  1- 3 |  4- 6 || total
-------------------------+-------+-------++-------
Melee: Spear             |    14 |     8 ||    22
  Use: Potion            |     1 |     2 ||     3
Dodge: Dodged            |     6 |     2 ||     8

Table legend: (Time is in decaauts)
 A = Elapsed time spent in this place.
 B = Non-inter-level travel time spent in this place.
 C = Inter-level travel time spent in this place.
 D = Time resting spent in this place.
 E = Time spent auto-exploring this place.
 F = Levels seen in this place.
 G = Mean time per level.
                   A        B        C        D        E       F      G
               +--------+--------+--------+--------+--------+-----+--------+
         Total |     33 |     33 |      0 |      0 |      0 |   1 |   33.0 |
       Dungeon |     33 |     33 |      0 |      0 |      0 |   1 |   33.0 |
               +--------+--------+--------+--------+--------+-----+--------+

Top non-repeatable levels by time:
       D: 33 daAuts
